 Dungeon Crawl Stone Soup version 0.19.4-8-ga85b6b9 (webtiles) character file.

22520 Jerry the Carver (level 13, -1/95 HPs)
             Began as a Formicid Fighter on Feb 13, 2017.
             Was an Initiate of Gozag.
             Slain by a worker ant (2 damage)
             ... on level 11 of the Dungeon.
             The game lasted 00:44:32 (14237 turns).

Jerry the Carver (Formicid Fighter)                Turns: 14237, Time: 00:44:32

Health: -1/95      AC:  8    Str: 22    XL:     13   Next: 28%
Magic:  0/13       EV: 11    Int: 10    God:    Gozag
Gold:   1788       SH: 11    Dex: 10    Spells: 0 memorised, 12 levels left

rFire  + . .     SeeInvis +     a - +4 great sword (freeze)
rCold  + . .     Gourm    .     k - +2 ring mail "Zumaem" {Regen+}
rNeg   + . .     Faith    .     z - +0 shield (curse)
rPois  .         Spirit   +     (helmet unavailable)
rElec  .         Reflect  .     H - +2 cloak
rCorr  .         Harm     .     E - +2 pair of gloves
MR     +....     Clarity  +     x - +0 pair of boots
Stlth  ..........               n - amulet of guardian spirit
                                G - ring of positive energy
                                s - ring of Xom's Absentmindedness {rC+ Slay+3}

@: lethally poisoned (-1 -> -1), corroded
A: permanent stasis, dig shafts and tunnels, four strong arms, antennae 3,
hooves 1, iridescent scales 1, clarity, fire resistance 1, frail 1, screaming 1,
slow regeneration 1, weak 1, sturdy frame 1
a: Dig, Shaft Self, Potion Petition, Call Merchant, Bribe Branch, Renounce
Religion


You were on level 11 of the Dungeon.
You worshipped Gozag.
Gozag was most pleased with you.
You were hungry.

You visited 2 branches of the dungeon, and saw 13 of its levels.

You collected 2194 gold pieces.
You spent 237 gold pieces at shops.
You paid 169 gold pieces to Gozag.

Inventory:

Hand Weapons
 a - a +4 great sword of freezing (weapon)
 D - the +8 short sword "Bicoroh" {pierce, *Noise rF+ Str+2 Dex+3}
   (You took it off an orc on level 4 of the Dungeon)

   It inflicts extra damage upon your enemies.
   It affects your strength (+2).
   It affects your dexterity (+3).
   It protects you from fire.
   It may make noises in combat.
Armour
 c - a +0 shield
 k - the +2 ring mail "Zumaem" (worn) {Regen+}
   (You found it on level 9 of the Dungeon)

   It increases your rate of regeneration.
 u - a +1 plate armour of positive energy
 x - a +0 pair of boots (worn)
 y - a +2 chain mail of cold resistance
 z - a cursed +0 shield (worn)
 C - the +2 scale mail of Music {rF+ Str+2}
   (You found it on level 4 of the Dungeon)

   It affects your strength (+2).
   It protects you from fire.
 E - a +2 pair of gloves (worn)
 H - a +2 cloak (worn)
Jewellery
 l - the ring "Quphoaq" {rElec Str+3 Dex+2 Stlth+, unknown}
   (You found it on level 9 of the Dungeon)

   [ring of stealth]

   It affects your strength (+3).
   It affects your dexterity (+2).
   It insulates you from electricity.
   It makes you more stealthy.
 n - an amulet of guardian spirit (around neck)
 s - the ring of Xom's Absentmindedness (left hand) {rC+ Slay+3}
   (You found it on level 6 of the Dungeon)

   [ring of protection from cold]

   It affects your accuracy and damage with ranged weapons and melee attacks
   (+3).
   It protects you from cold.
 G - a ring of positive energy (right hand)
Wands
 v - a wand of paralysis (24/24)
 A - a wand of iceblast (9/15)
Scrolls
 b - a scroll of fog
 i - a scroll of recharging
 q - 2 scrolls of remove curse
 t - a scroll of fear
 w - 2 scrolls of identify
 B - 2 scrolls of enchant armour
 F - a scroll of amnesia
Potions
 d - a potion of might
 e - 2 potions of lignification
 g - 5 potions of curing
 h - 5 potions of heal wounds
 m - 3 potions of agility
 o - 3 potions of magic
Books
 j - a book of Geomancy

   Spells                             Type                      Level
   a - Sandblast                      Earth                        1
   b - Passwall                       Transmutation/Earth          2
   c - Stone Arrow                    Conjuration/Earth            3
   d - Petrify                        Transmutation/Earth          4
   e - Lee's Rapid Deconstruction     Earth                        5
Comestibles
 f - 8 bread rations
 p - 4 fruits
 r - 2 slices of pizza


   Skills:
 + Level 11.6 Fighting
 * Level 14.0 Long Blades
 + Level 11.4 Armour
 - Level 9.0 Shields


You had 12 spell levels left.
You didn't know any spells.

Dungeon Overview and Level Annotations

Branches:
Dungeon (12/15)            Temple (1/1) D:7            Lair (0/6) D:8
    Orc (0/2) D:9

Altars:
Ashenzari
Cheibriados
Dithmenos
Elyvilon
Fedhas
Gozag
Hepliaklqana
Kikubaaqudgha
Makhleb
Nemelex Xobeh
Okawaru
Qazlal
Ru
Sif Muna
Trog
Uskayaw
Vehumet
Xom
Yredelemnul
Zin
The Shining One
Beogh

Shops:
D:6 ((:[


Innate Abilities, Weirdness & Mutations

You are under a permanent stasis effect.
You can dig through walls and to a lower floor.
Your four strong arms can wield two-handed weapons with a shield.
You have a pair of large antennae on your head. (SInv)
You have large cloven feet.
You are partially covered in iridescent scales. (AC +2)
You possess an exceptional clarity of mind.
Your flesh is heat resistant. (rF+)
You are frail. (-10% HP)
You occasionally shout uncontrollably at your foes.
You regenerate slowly when monsters are visible.
You are weak. (Str -2)
Your movements are slightly less encumbered by armour. (ER -2)


Message History

* * * LOW HITPOINT WARNING * * *
You barely miss the entropy weaver.
The entropy weaver is heavily wounded.
You block the worker ant's attack.
You block the entropy weaver's attack. x2
The entropy weaver barely misses you.
The entropy weaver hits you but does no damage.
You completely miss the entropy weaver.
The entropy weaver is heavily wounded.
You feel sick. You block the worker ant's attack. The entropy weaver hits you.
* * * LOW HITPOINT WARNING * * *
The entropy weaver hits you!
* * * LOW HITPOINT WARNING * * *
The entropy weaver hits you.
* * * LOW HITPOINT WARNING * * *
You block the entropy weaver's attack.
You slash the entropy weaver! You freeze the entropy weaver.
The entropy weaver is severely wounded.
The worker ant bites you.
You die...
Your body crumbles into a pile of gold.

.........#....#.........'[.......
.........'....#........(#........
.........#....#.........#........
.........######....###..#........
######........####'###.<#########
#....#......).'.....#......#
#)...#........#.....#......#
#.##.#........########.##########
#.##.#######....@$.# ###.........
...........#...a[a.# #.......<.
...........+.......# #.........
...........#.......#####.........
...........#.......#..#....######
####'#####'#.......#..#....#
...#..##...#).....[#..#....#
...#..#....'....>..#..#....#
...'..'....#.......#..#....#


You could see an entropy weaver and a worker ant.

Vanquished Creatures
  An entropy weaver (D:11)
  The ghost of Jerry the Basher, a journeyman OgHu of Okawaru (D:11)
  Erolcha (D:10)
  Urug (D:11)
  Nergalle (D:11)
  4 hill giants
  An ugly thing (D:12)
  A cyclops (D:11)
  Maurice (D:11)
  An elephant (D:8)
  A komodo dragon (D:12)
  A two-headed ogre (D:10)
  Prince Ribbit (D:6)
  3 hippogriffs
  10 slime creatures
  Sigmund (D:3)
  A spriggan (D:10)
  A wraith (D:12)
  20 yaks
  A shadow (D:11)
  4 wyverns
  2 hungry ghosts
  Menkaure (D:6)
  19 soldier ants
  A water moccasin (D:10)
  6 orc warriors
  3 ice beasts
  A sky beast (D:9)
  A hornet zombie (D:7)
  A phantom (D:7)
  2 black bears
  8 centaurs
  5 ogres
  2 crocodiles
  2 big kobolds
  Blork the orc (D:6)
  7 bullfrogs
  A wyvern zombie (D:6)
  A water moccasin skeleton (D:10)
  4 scorpions
  3 howler monkeys
  5 wights
  A centaur zombie (D:8)
  10 crimson imps
  A lava snake (D:10)
  A quasit (D:8)
  8 orc priests
  5 orc wizards
  2 centaur skeletons
  6 hounds
  3 bullfrog skeletons (D:10)
  7 iguanas
  19 worker ants
  A hound zombie (D:9)
  Robin (D:3)
  A hound skeleton (D:7)
  A howler monkey zombie (D:8)
  13 gnolls
  2 howler monkey skeletons
  9 adders
  3 shadow imps
  3 adder skeletons
  2 worms
  2 dart slugs
  5 leopard geckos
  42 orcs
  4 bats
  6 giant cockroaches
  16 goblins
  7 hobgoblins
  20 jackals
  17 kobolds
  6 quokkas
  A ball python (D:1)
  6 frilled lizards
  A leopard gecko skeleton (D:5)
  2 quokka zombies
  8 rats
375 creatures vanquished.

Vanquished Creatures (others)
  A gnoll (D:2)
1 creature vanquished.

Grand Total: 376 creatures vanquished

Notes
Turn   | Place    | Note
-------+----------+-------------------------------------------
     0 | D:1      | Jerry the Formicid Fighter began the quest for the Orb.
     0 | D:1      | Reached XP level 1. HP: 18/18 MP: 1/1
    50 | D:1      | Reached XP level 2. HP: 24/24 MP: 2/2
   426 | D:1      | Reached XP level 3. HP: 29/29 MP: 3/3
  1315 | D:2      | Reached XP level 4. HP: 32/37 MP: 4/4
  1325 | D:2      | Reached skill level 3 in Long Blades
  2093 | D:3      | Reached XP level 5. HP: 42/42 MP: 5/5
  2146 | D:3      | Noticed Sigmund
  2353 | D:3      | Noticed Robin
  2369 | D:3      | Killed Robin
  2606 | D:3      | Found a glowing golden altar of the Shining One.
  3133 | D:3      | Killed Sigmund
  3133 | D:3      | Reached skill level 4 in Long Blades
  3133 | D:3      | Reached XP level 6. HP: 35/49 MP: 6/6
  3431 | D:4      | Reached XP level 7. HP: 45/55 MP: 7/7
  3616 | D:4      | Reached skill level 5 in Shields
  3741 | D:4      | Got a transparent scale mail
  3742 | D:4      | Identified the +2 scale mail of Music {rF+ Str+2} (You found it on level 4 of the Dungeon)
  3794 | D:4      | Reached skill level 5 in Armour
  3803 | D:4      | Reached skill level 5 in Long Blades
  4361 | D:4      | Reached skill level 5 in Fighting
  4588 | D:4      | Got a jewelled short sword {pierce}
  4589 | D:4      | Identified the +8 short sword "Bicoroh" {pierce, *Noise rF+ Str+2 Dex+3} (You took it off an orc on level 4 of the Dungeon)
  4605 | D:5      | Entered Level 5 of the Dungeon
  4746 | D:5      | Gained mutation: Your body sometimes deteriorates upon taking damage. [potion of mutation]
  4746 | D:5      | Gained mutation: You possess an exceptional clarity of mind. [potion of mutation]
  4746 | D:5      | Gained mutation: You regenerate slowly when monsters are visible. [potion of mutation]
  4752 | D:5      | Gained mutation: You are partially covered in iridescent scales. (AC +2) [potion of mutation]
  4752 | D:5      | Gained mutation: You have large cloven feet. [potion of mutation]
  4752 | D:5      | Gained mutation: You are frail. (-10% HP) [potion of mutation]
  4752 | D:5      | Reached XP level 8. HP: 7/55 MP: 8/8
  4753 | D:5      | Gained mutation: Your system is resistant to poisons. (rPois) [potion of mutation]
  4753 | D:5      | Gained mutation: Your movements are slightly less encumbered by armour. (ER -2) [potion of mutation]
  5270 | D:5      | Reached skill level 6 in Long Blades
  5402 | D:5      | Found a bloodstained altar of Trog.
  5430 | D:5      | Got a scorched ring mail
  5538 | D:6      | Found Falamul's Book Shop.
  5583 | D:6      | Found Guv Fatt's Antique Armour Shop.
  5985 | D:6      | Noticed Menkaure
  5990 | D:6      | Killed Menkaure
  5990 | D:6      | Reached XP level 9. HP: 36/62 MP: 9/9
  6171 | D:6      | Reached skill level 7 in Long Blades
  6440 | D:6      | Found Soadupn's Weapon Shop.
  6443 | D:6      | Got a scorched copper ring
  6444 | D:6      | Noticed Blork the orc
  6452 | D:6      | Killed Blork the orc
  6475 | D:6      | Noticed Prince Ribbit
  6477 | D:6      | Identified the ring of Xom's Absentmindedness {rC+ Slay+3} (You found it on level 6 of the Dungeon)
  6524 | D:6      | Killed Prince Ribbit
  6624 | D:6      | Got a pitted ring mail
  6846 | D:6      | Found Lymamy's Antique Weapon Emporium.
  6853 | D:6      | Bought a glowing long sword for 237 gold pieces
  6937 | D:7      | Reached skill level 8 in Long Blades
  7266 | D:7      | Found a staircase to the Ecumenical Temple.
  7275 | Temple   | Entered the Ecumenical Temple
  7626 | D:7      | Reached XP level 10. HP: 42/71 MP: 10/10
  7659 | Temple   | Reached skill level 9 in Long Blades
  8353 | D:7      | Identified the +2 ring mail "Paetoz" {rElec} (You found it on level 5 of the Dungeon)
  8363 | D:7      | Identified the +3 ring mail of the Equator {rF+} (You found it on level 6 of the Dungeon)
  8550 | D:9      | Found a staircase to the Orcish Mines.
  8900 | D:8      | Found a staircase to the Lair.
  8900 | D:8      | Noticed an elephant
  8925 | D:8      | Killed an elephant
  8964 | D:8      | Noticed a hill giant
  9210 | D:8      | Killed a hill giant
  9210 | D:8      | Reached skill level 10 in Long Blades
  9306 | D:8      | Reached XP level 11. HP: 53/78 MP: 11/11
  9635 | Temple   | Became a worshipper of Gozag Ym Sagoz the Greedy
 10260 | D:9      | Gained mutation: You occasionally shout uncontrollably at your foes. [potion of mutation]
 10260 | D:9      | Gained mutation: Your flesh is heat resistant. (rF+) [potion of mutation]
 10370 | D:9      | Reached skill level 11 in Long Blades
 10546 | D:9      | Got a bloodstained ring mail
 10550 | D:9      | Identified the +2 ring mail "Zumaem" {Regen+} (You found it on level 9 of the Dungeon)
 10605 | D:9      | Got a fine marble ring
 10626 | D:9      | Found a roughly hewn altar of Beogh.
 10903 | D:10     | Entered Level 10 of the Dungeon
 10926 | D:10     | Noticed Erolcha
 10932 | D:10     | Killed Erolcha
 11104 | D:10     | Gained mutation: You are weak. (Str -2) [potion of mutation]
 11104 | D:10     | Lost mutation: Your system is resistant to poisons. (rPois) [potion of mutation]
 11104 | D:10     | Lost mutation: Your body sometimes deteriorates upon taking damage. [potion of mutation]
 11219 | D:10     | Noticed a hill giant
 11227 | D:10     | Killed a hill giant
 11887 | D:10     | Reached XP level 12. HP: 87/87 MP: 12/12
 11956 | D:11     | Noticed Jerry's ghost (journeyman OgHu)
 11978 | D:10     | Reached skill level 12 in Long Blades
 11992 | D:11     | Killed Jerry's ghost
 11992 | D:11     | Reached skill level 10 in Fighting
 11992 | D:11     | Reached skill level 10 in Armour
 12151 | D:11     | Noticed Urug
 12168 | D:11     | Killed Urug
 12370 | D:11     | Noticed Maurice
 12378 | D:11     | Killed Maurice
 12587 | D:11     | Noticed Nergalle
 12603 | D:11     | Killed Nergalle
 12751 | D:11     | Reached skill level 13 in Long Blades
 13411 | D:12     | Noticed a queen ant
 13702 | D:12     | Reached XP level 13. HP: 95/95 MP: 13/13
 14131 | D:12     | Noticed an entropy weaver
 14200 | D:12     | Noticed an entropy weaver
 14228 | D:11     | Killed an entropy weaver
 14228 | D:11     | Reached skill level 14 in Long Blades
 14236 | D:11     | HP: 1/95 [entropy weaver (6)]
 14237 | D:11     | Slain by a worker ant

Skill      XL: |  1  2  3  4  5  6  7  8  9 10 11 12 13 |
---------------+----------------------------------------+-----
Long Blades    | 3 4 5 6 8 10 11 13 14 | 14.0
Shields        | 4 5 6 7 8 9 |  9.0
Armour         | 4 5 6 7 8 9 10 11 | 11.4
Fighting       | 4 5 6 7 8 9 11 | 11.6

Action                   |  1- 3 |  4- 6 |  7- 9 | 10-12 | 13-15 || total
-------------------------+-------+-------+-------+-------+-------++-------
Melee: Long sword        |   128 |   165 |   476 |   234 |       ||  1003
       Great sword       |       |       |       |   381 |    90 ||   471
       Scimitar          |       |       |       |    11 |       ||    11
 Abil: Dig               |       |       |     1 |       |       ||     1
Evoke: Wand              |       |       |     1 |       |       ||     1
  Use: Scroll            |       |     4 |    10 |     9 |       ||    23
       Potion            |       |     1 |    10 |     3 |       ||    14
  Eat: Chunk             |     2 |     7 |    14 |    11 |       ||    34
       Meat ration       |       |       |       |     1 |       ||     1
       Beef jerky        |       |       |       |     1 |       ||     1
       Pizza             |       |       |       |     5 |     1 ||     6
Armor: Scale mail        |    74 |    30 |       |       |       ||   104
       Plate armour      |       |    59 |   360 |   213 |       ||   632
       Ring mail         |       |       |       |    91 |    32 ||   123
Dodge: Dodged            |    53 |    64 |   189 |   212 |    36 ||   554
Block: Shield            |    46 |       |       |   196 |    53 ||   295
       Rpst.: Long sword |    13 |    20 |    57 |    28 |       ||   118
       Great sword       |       |       |       |    37 |    10 ||    47
       Scimitar          |       |       |       |     2 |       ||     2
